 Dungeon Crawl Stone Soup version 0.21.1-68-g103a7af (webtiles) character file.

95 goulibeur the Unweaver (level 4, -2/35 HPs)
             Began as a Demonspawn Abyssal Knight on Aug 1, 2018.
             Was a Follower of Lugonu.
             Slain by Sigmund
             ... wielding a +0 scythe
              (3 damage)
             ... on level 3 of the Dungeon.
             The game lasted 00:05:24 (3153 turns).

goulibeur the Unweaver (Demonspawn Abyssal Knight)  Turns: 3153, Time: 00:05:25

Health: -2/35      AC:  7    Str: 12    XL:     4   Next: 40%
Magic:  7/7        EV:  9    Int: 13    God:    Lugonu [*.....]
Gold:   80         SH:  0    Dex: 14    Spells: 3/3 levels left

rFire    . . .     SeeInvis .   a - +1 short sword
rCold    . . .     Gourm    .   (no shield)
rNeg     + . .     Faith    .   j - +1 scale mail {rN+}
rPois    .         Spirit   .   (no helmet)
rElec    .         Reflect  .   (no cloak)
rCorr    .         Harm     .   (no gloves)
MR       .....                  (no boots)
Stlth    +.........             (no amulet)
HPRegen  0.11/turn              d - ring of loudness (curse)
MPRegen  0.10/turn              (no ring)

@: no status effects
A: nightstalker 2, powered by pain 1
a: Depart the Abyss, Renounce Religion


You were on level 3 of the Dungeon.
You worshipped Lugonu.
Lugonu was aware of your devotion.
You were not hungry.

You visited 1 branch of the dungeon, and saw 3 of its levels.
You visited the Abyss 1 time.

You collected 80 gold pieces.

Inventory:

Hand Weapons
 a - a +1 short sword (weapon)
Armour
 b - a +0 leather armour
 j - a +1 scale mail of positive energy (worn)
Jewellery
 d - a cursed ring of loudness (left hand)
 o - an uncursed ring of protection from fire {unknown}
Scrolls
 e - 4 scrolls of remove curse {unknown}
 g - 2 scrolls of enchant weapon {unknown}
 k - 4 scrolls of teleportation {unknown}
 l - 3 scrolls of identify {unknown}
 p - a scroll of magic mapping {unknown}
Potions
 f - a potion of resistance {unknown}
 h - a potion of might {unknown}
 i - a potion of curing {unknown}
 n - 2 potions of haste {unknown}
Comestibles
 c - 5 rations
 m - 2 chunks of flesh


   Skills:
 + Level 3.5 Fighting
 - Level 1.7 Short Blades
 + Level 2.4 Armour
 + Level 1.8 Dodging
 * Level 4.3 Invocations


You had 3 spell levels left.
You didn't know any spells.

Dungeon Overview and Level Annotations

Branches:
Dungeon (3/15)

Altars:
Fedhas
Gozag
Wu Jian
Yredelemnul

Annotations:
D:3 Sigmund


Innate Abilities, Weirdness & Mutations

You are significantly more attuned to the shadows.
You sometimes gain a little power by taking damage.


Message History

Sigmund's eyes start glowing with a red light.
Sigmund closely misses you.
You barely miss Sigmund.
Sigmund is severely wounded.
Sigmund closely misses you.
You hit Sigmund but do no damage.
Sigmund is severely wounded.
You closely miss Sigmund.
Sigmund is severely wounded.
Sigmund closely misses you.
You hit Sigmund.
Sigmund is almost dead.
Sigmund is suddenly surrounded by pale blue light.
Sigmund hits you but does no damage.
You barely miss Sigmund.
Sigmund is almost dead.
You closely miss Sigmund.
Sigmund is almost dead.
Sigmund hits you with a scythe.
You die...

######## #.@@....
#.#################
#..................
###################


You could see Sigmund.

Vanquished Creatures
  A hound (D:2)
  2 adders (D:2)
  A worm (D:2)
  A dart slug (D:2)
  An orc (D:3)
  3 giant cockroaches
  A goblin (D:2)
  4 hobgoblins (D:1)
  8 jackals
  A quokka (D:2)
  4 bats
  2 frilled lizards
  7 kobolds
  6 rats
42 creatures vanquished.

Notes
Turn   | Place    | Note
-------+----------+-------------------------------------------
     0 | Abyss:1  | goulibeur the Demonspawn Abyssal Knight began the quest for the Orb.
     0 | Abyss:1  | Reached XP level 1. HP: 18/18 MP: 2/2
     3 | Abyss:1  | Found a corrupted altar of Lugonu.
    78 | Abyss:1  | Noticed a large abomination
    79 | D:1      | Escaped the Abyss
    95 | D:1      | Reached skill level 1 in Dodging
   509 | D:1      | Gained mutation: You sometimes gain a little power by taking damage. [demonic ancestry]
   509 | D:1      | Reached XP level 2. HP: 24/24 MP: 4/4
   575 | D:1      | Reached skill level 3 in Invocations
   579 | D:1      | Reached * piety under Lugonu
  1321 | D:2      | Found a blossoming altar of Fedhas.
  1451 | D:2      | Found an opulent altar of Gozag.
  1538 | D:2      | Gained mutation: You are slightly more attuned to the shadows. [demonic ancestry]
  1538 | D:2      | Reached XP level 3. HP: 17/29 MP: 5/5
  1686 | D:2      | Found a basalt altar of Yredelemnul.
  2527 | D:2      | Found an ornate altar of the Wu Jian Council.
  2541 | D:2      | Reached skill level 4 in Invocations
  2604 | D:2      | Gained mutation: You are significantly more attuned to the shadows. [demonic ancestry]
  2604 | D:2      | Reached XP level 4. HP: 13/35 MP: 7/7
  3126 | D:3      | Noticed Sigmund
  3146 | D:3      | HP: 1/35 [Sigmund/puff of flame (9)]
  3153 | D:3      | Slain by Sigmund

Skill      XL: |  1  2  3 |
---------------+----------+-----
Dodging        | 1 |  1.8
Armour         | 2 |  2.4
Invocations    | 3 4 |  4.3
Fighting       | |  3.5
Short Blades   | |  1.7

Action                   |  1- 3 |  4- 6 || total
-------------------------+-------+-------++-------
Melee: Short sword       |   190 |    31 ||   221
Invok: Depart the Abyss  |     1 |       ||     1
  Eat: Chunk             |     5 |     2 ||     7
Armor: Leather armour    |    19 |       ||    19
       Scale mail        |    50 |     8 ||    58
Dodge: Dodged            |    95 |    10 ||   105
